 Dungeon Crawl Stone Soup version 0.19-a0-1834-g6b7851e (webtiles) character file.

100 varam the Insei (level 4, 0/32 HPs)
             Began as a Merfolk Transmuter on Oct 8, 2016.
             Slain by an adder (5 damage)
             ... on level 2 of the Dungeon.
             The game lasted 00:06:02 (1805 turns).

varam the Insei (Merfolk Transmuter)                Turns: 1805, Time: 00:06:02

Health: 0/32       AC:  2    Str: 10    XL:     4   Next: 74%
Magic:  6/7        EV: 14    Int: 12    God:
Gold:   34         SH:  0    Dex: 17    Spells: 3 memorised, 2 levels left

rFire  . . .     SeeInvis .       - Unarmed
rCold  . . .     Gourm    .     b - +0 robe
rNeg   . . .     Faith    .     (no shield)
rPois  .         Spirit   .     (no helmet)
rElec  .         Dismiss  .     (no cloak)
rCorr  .         Reflect  .     (no gloves)
MR     .....     Harm     .     (no boots)
Stlth  ++........               (no amulet)
                                (no ring)
                                h - +2 ring of dexterity

@: lethally poisoned (0 -> -2), appendage (expiring)
A: change form in water, swift swim, stealthy swim, horns 2
a: End Transformation


You were on level 2 of the Dungeon.
You were hungry.
You had grown temporary horns.
You visited 1 branch of the dungeon, and saw 2 of its levels.

You collected 34 gold pieces.

Inventory:

Missiles
 a - 12 arrows
Armour
 b - a +0 robe (worn)
Jewellery
 h - a +2 ring of dexterity (left hand)
Scrolls
 e - 2 scrolls of magic mapping {unknown}
 j - 2 scrolls of immolation {unknown}
 m - a scroll of teleportation {unknown}
 p - 2 scrolls of enchant weapon {unknown}
Potions
 f - a potion of flight {unknown}
 g - a potion of magic {unknown}
 i - 3 potions of cancellation {unknown}
 l - a potion of haste {unknown}
 n - 3 potions of berserk rage {unknown}
 o - a potion of degeneration {unknown}
Books
 c - a book of Changes

   Spells                             Type                      Level
   a - Beastly Appendage              Transmutation                1
   b - Sticks to Snakes               Transmutation                2
   c - Spider Form                    Transmutation/Poison         3
   d - Ice Form                       Ice/Transmutation            4
   e - Blade Hands                    Transmutation                5
Comestibles
 d - 2 bread rations
 k - a royal jelly
 q - 3 chunks of flesh


   Skills:
 + Level 1.3 Fighting
 + Level 3.3 Dodging
 + Level 4.6 Unarmed Combat
 + Level 2.6 Spellcasting
 + Level 3.6 Transmutations


You had 2 spell levels left.
You knew the following spells:

 Your Spells              Type           Power        Failure   Level  Hunger
a - Beastly Appendage     Tmut           ##....       8%          1    #......
b - Sticks to Snakes      Tmut           ##......     12%         2    ###....
c - Spider Form           Tmut/Pois      #.........   43%         3    ###....


Dungeon Overview and Level Annotations

Branches:
Dungeon (2/15)

Altars:


Innate Abilities, Weirdness & Mutations

You revert to your normal form in water.
You are very nimble and swift while swimming.
You are very stealthy in the water. (Stealth+)
You have a pair of horns on your head.


Message History

Casting: Beastly Appendage
Confirm with . or Enter, or press ? or * to list all spells.
You grow a pair of large bovine horns.
The kobold barely misses you.
You barely miss the kobold. You headbutt the kobold.
The kobold is heavily wounded.
The kobold closely misses you.
You hit the kobold but do no damage. You headbutt the kobold.
You kill the kobold!
You feel sick.
You miss the adder. The adder closely misses you.
The adder completely misses you.
You hit the adder. Your headbutt misses the adder.
The adder is moderately wounded.
Your transformation is almost over.
The adder bites you.
* * * LOW HITPOINT WARNING * * *
You miss the adder. Your headbutt misses the adder.
The adder is moderately wounded.
The adder bites you.
You die...

..###..#..............######.#.#.
...#..#####.......[...# #.#.#.
...#..................# #.#.##
............#####.....### #....#
...........## #.......# ##....
...........# #.....#.#####....
...........# #####............
...........############...###....
...........#.>.S@...........#....
...............########..##......
..........................##.....
..##...........#########...##....
..###..........#####.............
### #................########..##
# #..........####### #....
#..........# #####.###
#..........# #........


You could see an adder.

Vanquished Creatures
  3 adders (D:2)
  3 oozes
  A worm (D:2)
  2 dart slugs (D:2)
  3 leopard geckos
  4 goblins
  7 hobgoblins
  3 jackals (D:1)
  2 quokkas (D:2)
  3 ball pythons
  4 bats
  3 frilled lizards
  9 kobolds
  4 rats
51 creatures vanquished.

Notes
Turn   | Place    | Note
-------+----------+-------------------------------------------
     0 | D:1      | varam the Merfolk Transmuter began the quest for the Orb.
     0 | D:1      | Reached XP level 1. HP: 15/15 MP: 3/3
   186 | D:1      | Reached XP level 2. HP: 21/21 MP: 5/5
   339 | D:1      | Reached skill level 4 in Unarmed Combat
   347 | D:1      | Learned a level 2 spell: Sticks to Snakes
   614 | D:1      | Reached XP level 3. HP: 26/26 MP: 4/6
   969 | D:1      | Learned a level 3 spell: Spider Form
  1256 | D:2      | Reached XP level 4. HP: 32/32 MP: 5/7
  1805 | D:2      | Slain by an adder

Vault maps used:
D:1:      minmay_arrival_nine_rooms

Skill      XL: |  1  2  3 |
---------------+----------+-----
Unarmed Combat | 4 |  4.6
Transmutations | 3 |  3.6
Dodging        | 3 |  3.3
Fighting       | |  1.3
Spellcasting   | |  2.6

Action                   |  1- 3 |  4- 6 || total
-------------------------+-------+-------++-------
Melee: Unarmed           |    90 |    62 ||   152
       Headbutt          |    16 |    12 ||    28
       Punch             |     1 |     1 ||     2
 Cast: Beastly Appendage |    19 |    10 ||    29
 Stab: Sleeping          |     1 |       ||     1
  Eat: Chunk             |     2 |     1 ||     3
Armor: Robe              |    14 |     3 ||    17
Dodge: Dodged            |    47 |    44 ||    91
